Map: Dusk Towers

Players

SticklerMac - Winner!

  • Race: Zerg Zerg
  • League: Platinum

SteveNick

  • Race: Zerg Zerg
  • League: Platinum

VOD

Have the link to the VOD?

Description

Time

  • Played on: Nov. 14, 2015, 5:22 p.m.
  • Length: 3:51
Show
View Real Time Build Order
Export as new Build Order

SticklerMac Zerg - Winner!

Build Orders: Hatch First 

Get SALT Encoding   

  12  0:01  Drone  
  13  0:13  Overlord  
  13  0:17  Drone  
  14  0:31  Drone x2  
  16  0:35  Drone  
  17  0:56  Hatchery  
  16  0:58  Drone  
  16  1:00  Drone  
  18  1:04  Extractor  
  18  1:08  Drone  
  18  1:20  Spawning Pool  
  17  1:29  Drone  
  18  1:35  Drone  
  19  1:42  Drone  
  20  1:51  Overlord  
  20  2:07  Metabolic Boost  
  20  2:08  Zergling x2  
  20  2:09  Zergling x2  
  20  2:10  Queen  
  20  2:11  Queen  
  26  2:16  Drone  
  26  2:20  Zergling x2  
  28  2:27  Zergling x2  
  28  2:29  Baneling Nest  
  28  2:32  Zergling x2  
  28  2:37  Drone  
  30  2:42  Zergling x2  
  31  2:52  Zergling x4  
  31  2:56  Zergling x2  
  34  3:02  Drone  
  35  3:07  Zergling x2  
  36  3:14  Overlord  
  36  3:26  Overlord x2  
Show
View Real Time Build Order
Export as new Build Order

SteveNick Zerg 

Build Orders: Hatch First 

Get SALT Encoding   

  12  0:01  Drone  
  13  0:08  Drone  
  14  0:18  Overlord  
  14  0:37  Drone x3  
  17  0:48  Drone  
  18  0:59  Hatchery  
  18  1:02  Drone  
  18  1:09  Drone  
  19  1:21  Spawning Pool  
  18  1:26  Drone  
  18  1:27  Extractor  
  18  1:53  Drone  
  18  1:54  Drone x2  
  21  2:08  Overlord  
  21  2:20  Drone x2  
  23  2:30  Metabolic Boost  
  23  2:35  Queen  
  25  2:41  Extractor  
  25  2:43  Extractor  
  23  2:44  Hatchery  
  23  2:45  Drone x2  
  23  2:46  Drone x2  
  23  2:48  Zergling x2  
  27  2:51  Drone  
  28  3:06  Roach Warren  
  28  3:12  Queen  
Tags
 
Add a new tag
Caveats
  • Supply blocks, unpowered buildings, or Contaminate may cause inaccurate times.
  • Supply counts are checked every 10 seconds.